 Dungeon Crawl Stone Soup version 0.17.1-2-g5865329 (webtiles) character file.

119 PossumBlood the Archer (level 4, 0/29 HPs)
             Began as a High Elf Hunter on Jan 28, 2016.
             Slain by Faustar's ghost (5 damage)
             ... on level 3 of the Dungeon.
             The game lasted 00:05:01 (1600 turns).

PossumBlood the Archer (High Elf Hunter)            Turns: 1600, Time: 00:05:01

Health: 0/29       AC:  3    Str: 11    XL:     4   Next: 74%
Magic:  5/5        EV: 12    Int: 14    God:
Gold:   110        SH:  0    Dex: 17    Spells: 0 memorised, 3 levels left

rFire  . . .     SeeInvis .     a - +1 shortbow
rCold  . . .     Clarity  .     c - +0 leather armour
rNeg   + . .     SustAt   .     (shield currently unavailable)
rPois  .         Gourm    .     (no helmet)
rElec  .         Spirit   .     (no cloak)
rCorr  .         Warding  +     (no gloves)
rMut   .         Stasis   .     (no boots)
MR     .....                    n - amulet of warding
Stlth  ++........               (no ring)
                                l - ring of flight

@: flying, not resistant to hostile enchantments, unstealthy
A: no striking features
a: no special abilities


You were on level 3 of the Dungeon.
You were not hungry.

You visited 1 branch of the dungeon, and saw 3 of its levels.

You collected 110 gold pieces.

Inventory:

Hand Weapons
 a - a +1 shortbow (weapon)
 b - a +0 short sword
Missiles
 d - 17 arrows (quivered)
Armour
 c - a +0 leather armour (worn)
Jewellery
 l - a ring of flight (left hand)
 n - an amulet of warding (around neck)
Scrolls
 f - 6 scrolls of identify {unknown}
 g - 2 scrolls of enchant weapon {unknown}
 h - a scroll of remove curse {unknown}
 j - a scroll of magic mapping {unknown}
 k - a scroll of fog {unknown}
Potions
 p - a potion of brilliance {unknown}
 r - a potion of lignification {unknown}
Comestibles
 e - a bread ration
 i - a fruit
 o - a meat ration


   Skills:
 - Level 2.0 Fighting
 * Level 8.1 Bows
 - Level 2.1 Dodging
 - Level 1.1 Stealth


You had 3 spell levels left.
You didn't know any spells.

Dungeon Overview and Level Annotations

Branches:
Dungeon (3/15)

Altars:
Dithmenos

Annotations:
D:3 Faustar's ghost, weakling DrCj


Message History

You are too injured to fight recklessly!
You are too injured to fight recklessly!
You are too injured to fight recklessly!
You are too injured to fight recklessly!
You are too injured to fight recklessly!
You are too injured to fight recklessly!
Firing (i - inventory):
d - 18 arrows (quivered)
Press: ? - help, Shift-Dir - straight line, f/p - Faustar's ghost
Aim: Faustar's ghost (almost destroyed)
You shoot an arrow. The arrow hits Faustar's ghost.
Faustar's ghost is almost destroyed.
Faustar's ghost closely misses you.
Drink which item? (? for menu, Esc to quit)
It was a potion of curing.
You feel better. Faustar's ghost hits you.
* * * LOW HITPOINT WARNING * * *
Drink which item? (? for menu, Esc to quit)
It was a potion of flight.
You feel very buoyant.
You fly up into the air.
Faustar's ghost hits you.
You die...

....####.### #(.## ##..........>
###........###..(# #..#.##.#...#
###..###.#.......+##+.##.##..#..#
................(....###.<......#
.##..##.##.....#(#..## #.###.#.##
...........#.#.#(#.## #.####..##
.######........[l..# #.......#.
.# ######.###W#.############.#
.### #########@.(...# ### <..##
#..............#
....####.########.....#
...#.#.....# #.....# ..###......#
#.....# ..รท#.#)....# ###.###
###)##.)...# #.# #.##.....# ###.#
#.######## #...#


You could see Faustar's ghost and a giant gecko.

Vanquished Creatures
  An orc priest (D:3)
  3 adders (D:2)
  An ooze (D:1)
  2 worms (D:2)
  A giant gecko (D:2)
  4 orcs (D:3)
  2 ball pythons
  5 bats
  5 giant cockroaches
  3 goblins
  5 hobgoblins
  3 jackals (D:1)
  6 giant newts
  4 kobolds
  7 rats
52 creatures vanquished.

Notes
Turn   | Place    | Note
--------------------------------------------------------------
     0 | D:1      | PossumBlood the High Elf Hunter began the quest for the Orb.
     0 | D:1      | Reached XP level 1. HP: 14/14 MP: 2/2
   124 | D:1      | Reached XP level 2. HP: 16/19 MP: 3/3
   135 | D:1      | Reached skill level 6 in Bows
   559 | D:2      | Reached XP level 3. HP: 24/24 MP: 4/4
   629 | D:2      | Reached skill level 7 in Bows
   798 | D:2      | Found a shadowy altar of Dithmenos.
  1004 | D:2      | Reached XP level 4. HP: 29/29 MP: 5/5
  1272 | D:3      | Reached skill level 8 in Bows
  1586 | D:3      | Noticed Faustar's ghost (weakling DrCj)
  1600 | D:3      | Slain by Faustar's ghost

Action                   |  1- 3 |  4- 6 || total
-------------------------+-------+-------++-------
 Fire: Shortbow          |    88 |    64 ||   152
  Use: Potion            |       |     2 ||     2
  Eat: Fruit             |       |     2 ||     2
